 Dungeon Crawl Stone Soup version 0.21-a0-46-gdf2c162 (webtiles) character file.

1128 Duffy the Cleaver (level 8, 46/46 HPs)
             Began as a Gargoyle Monk on June 7, 2017.
             Quit the game on level 4 of the Dungeon.
             The game lasted 00:02:33 (3732 turns).

Duffy the Cleaver (Gargoyle Monk)                   Turns: 3732, Time: 00:02:34

Health: 46/46      AC: 13    Str: 18    XL:     8   Next: 35%
Magic:  8/8        EV: 11    Int: 10    God:
Gold:   105        SH:  0    Dex: 12    Spells: 7/7 levels left

rFire    + . .     SeeInvis .   q - -1 war axe (curse)
rCold    + . .     Gourm    .   (no shield)
rNeg     + + .     Faith    .   p - +1 ring mail of Dask {rPois rF+ rC+ rN+} (curse)
rPois    ∞         Spirit   .   (no helmet)
rElec    +         Reflect  .   r - +0 cloak
rCorr    .         Harm     .   i - +0 pair of gloves
MR       .....                  (no boots)
Stlth    +.........             t - amulet of inaccuracy (curse)
Regen    0.2/turn               (no ring)
MPRegen  0.2/turn               (no ring)

@: no status effects
A: negative energy resistance 1, electricity resistance, unbreathing,
petrification resistance, rot immunity, AC +5
a: no special abilities


You were on level 4 of the Dungeon.
You were not hungry.

You visited 1 branch of the dungeon, and saw 6 of its levels.

You collected 105 gold pieces.

Inventory:

Hand Weapons
 a - a +0 hand axe
 q - a cursed -1 war axe (weapon)
Armour
 b - a +0 robe
 h - a +0 scale mail
 i - a +0 pair of gloves (worn)
 j - a cursed +0 plate armour
 p - the cursed +1 ring mail of Dask (worn) {rPois rF+ rC+ rN+}
   (You found it on level 5 of the Dungeon)

   It protects you from fire.
   It protects you from cold.
   It protects you from poison.
   It protects you from negative energy.
   It has a curse placed upon it.
 r - a +0 cloak (worn)
Jewellery
 g - an uncursed ring of protection from fire {unknown}
 m - a cursed -2 ring of dexterity {unknown}
 t - a cursed amulet of inaccuracy (around neck)
Wands
 d - a wand of disintegration (14/24)
 y - a wand of flame (21/48)
Scrolls
 k - a scroll of summoning {unknown}
 l - 5 scrolls of identify {unknown}
 o - a scroll of blinking {unknown}
 s - 2 scrolls of teleportation {unknown}
 A - a scroll of enchant weapon {unknown}
Potions
 e - 2 potions of lignification {unknown}
 f - 2 potions of mutation {unknown}
 n - a potion of agility {unknown}
 u - a potion of haste {unknown}
 v - 2 potions of ambrosia {unknown}
 w - 2 potions of curing {unknown}
Comestibles
 c - 2 bread rations
 x - 3 meat rations
 z - 2 chunks of flesh


   Skills:
 - Level 3.2 Fighting
 + Level 9.3 Axes
 - Level 2.4 Dodging
 - Level 2.1 Stealth


You had 7 spell levels left.
You didn't know any spells.

Dungeon Overview and Level Annotations

Branches:
Dungeon (6/15)
 Temple: D:4-7

Altars:
Dithmenos

Shops:
D:4 *


Innate Abilities, Weirdness & Mutations

You are resistant to torment.
Your stone body is resilient. (AC +5)
You are immune to poison.
You resist negative energy. (rN+)
You are resistant to electric shocks. (rElec)
You can survive without breathing.
You are immune to petrification.
You are immune to rotting.


Message History

No target in view!
No target in view!
No target in view!
No target in view!
No target in view!
No target in view!
No target in view!
You butcher the hound corpse.
z - a chunk of flesh Eating a chunk of flesh.
You eat the chunk of flesh.
This raw flesh tastes terrible.
You butcher the orc corpse.
z - 2 chunks of flesh You see here an orc skeleton. x2
There is a stone staircase leading up here.
A - a scroll labeled ILOAWN RATAR You see here an orc skeleton.
Done exploring.
Done exploring.
Are you sure you want to abandon this character and quit the game? (Confirm with "yes".)

#............#.....##.....##
#............#.....######'##
#............#............#.
#.....#####..#..#####.....#.
#######...#######...#.....#.
#.<...###...<.#######.
#.............#.......
####....8....###......#
#..###@...%###........#
#....##...##..........#
#.....................#
#.....................#
#.......#######.......#
######### #########


There were no monsters in sight!

Vanquished Creatures
  Grinder (D:4)
  2 ice beasts (D:6)
  A black bear (D:6)
  A phantom (D:6)
  An ogre (D:5)
  2 bullfrogs
  2 scorpions (D:4)
  A howler monkey (D:6)
  A bullfrog skeleton (D:6)
  A centaur zombie (D:5)
  A jelly (D:4)
  A hound (D:4)
  2 worker ants
  4 adders
  An ooze (D:4)
  A worm (D:3)
  A leopard gecko (D:5)
  6 orcs (D:4)
  A giant cockroach (D:5)
  2 hobgoblins (D:1)
  4 jackals (D:5)
  A quokka (D:6)
  A frilled lizard (D:2)
  A giant cockroach zombie (D:6)
  2 kobolds
42 creatures vanquished.

Notes
Turn   | Place    | Note
-------+----------+-------------------------------------------
     0 | D:1      | Duffy the Gargoyle Monk began the quest for the Orb.
     0 | D:1      | Reached XP level 1. HP: 14/14 MP: 1/1
   106 | D:2      | Reached skill level 3 in Axes
   132 | D:3      | Reached XP level 2. HP: 7/19 MP: 2/2
   553 | D:4      | Found Ubristeump's Assorted Antiques.
   634 | D:4      | Reached XP level 3. HP: 22/23 MP: 3/3
   700 | D:4      | Reached skill level 4 in Axes
   729 | D:4      | Reached XP level 4. HP: 18/28 MP: 4/4
   962 | D:5      | Entered Level 5 of the Dungeon
  1089 | D:5      | Found a shadowy altar of Dithmenos.
  1349 | D:5      | Got a dazzling ring mail
  1360 | D:5      | Identified the cursed +1 ring mail of Dask {rPois rF+ rC+ rN+} (You found it on level 5 of the Dungeon)
  1427 | D:5      | Noticed a bullfrog
  1431 | D:5      | Killed a bullfrog
  1431 | D:5      | Reached skill level 5 in Axes
  1431 | D:5      | Reached XP level 5. HP: 32/32 MP: 5/5
  1467 | D:5      | Noticed an ogre
  1476 | D:5      | Killed an ogre
  1476 | D:5      | Reached skill level 6 in Axes
  1476 | D:5      | Reached XP level 6. HP: 27/37 MP: 6/6
  1567 | D:6      | Noticed an ice beast
  1576 | D:6      | Killed an ice beast
  1821 | D:6      | Noticed a phantom
  1902 | D:6      | Killed a phantom
  1902 | D:6      | Reached skill level 7 in Axes
  1902 | D:6      | Reached XP level 7. HP: 9/41 MP: 7/7
  2367 | D:6      | Reached skill level 8 in Axes
  3025 | D:4      | Reached XP level 8. HP: 25/46 MP: 8/8
  3601 | D:4      | Noticed Grinder
  3611 | D:4      | Killed Grinder
  3611 | D:4      | Reached skill level 9 in Axes
  3732 | D:4      | Quit the game

Vault maps used:
D:1:      elethiomel_arrival_maze
D:2:      tso_oasis_becter, hangedman_decor_diamond_cutter,
          uniq_crazy_yiuf_cottage, uniq_natasha
D:4:      serial_shops, nicolae_shop_overgrown_old_shop, first_bread,
          grunt_ministairs_12, uniq_grinder
D:5:      temple_doors_ab, basic_altar

Skill      XL: |  1  2  3  4  5  6  7  8 |
---------------+-------------------------+-----
Axes           | 3 4 5 6 7 8 9 |  9.3
Fighting       | |  3.2
Dodging        | |  2.4
Stealth        | |  2.1

Action                   |  1- 3 |  4- 6 |  7- 9 || total
-------------------------+-------+-------+-------++-------
Melee: Hand axe          |    84 |    35 |       ||   119
       War axe           |       |    66 |   194 ||   260
 Stab: Sleeping          |     4 |     1 |       ||     5
  Eat: Chunk             |       |     3 |     3 ||     6
       Royal jelly       |       |       |     2 ||     2
Armor: Robe              |     5 |       |       ||     5
       Scale mail        |    17 |    14 |       ||    31
       Ring mail         |       |    36 |   120 ||   156
Dodge: Dodged            |    55 |    64 |   142 ||   261
